Map: Queda Cerúlea LE

Players

felixandro - Winner!

  • Race: Protoss Protoss
  • League: Platinum
  • Spawn Location: 1:00

Vicster

  • Race: Terran Terran
  • League: Gold
  • Spawn Location: 7:00

VOD

Have the link to the VOD?

Description

Time

  • Played on: Jan. 5, 2019, 1:07 p.m.
  • Length: 6:31
Show
View Real Time Build Order
Export as new Build Order

felixandro Protoss - Winner!

Build Orders:  

Get SALT Encoding   

  12  0:08  Pylon  
  12  0:13  Probe  
  13  0:25  Probe  
  14  0:31  Gateway  
  14  0:44  Gateway  
  14  0:55  Gateway  
  14  0:58  Probe  
  15  1:08  Assimilator  
  15  1:09  Zealot  
  15  1:11  Probe  
  18  1:23  Probe  
  19  1:26  Zealot  
  19  1:27  Pylon  
  21  1:40  Zealot  
  23  1:47  Zealot  
  23  1:52  Probe  
  23  1:53  Zealot  
  28  2:10  Assimilator  
  28  2:12  Probe  
  28  2:15  Zealot  
  31  2:41  Cybernetics Core  
  31  2:46  Pylon  
  31  3:04  Probe, Zealot x3  
  30  3:43  Stalker x3  
  32  3:55  Warp Gate  
  32  4:08  Probe  
  33  4:16  Stargate  
  33  4:17  Twilight Council  
  33  4:19  Probe  
  34  4:27  Probe  
  34  4:29  Nexus, Zealot  
  37  4:35  Probe  
  38  4:51  Pylon  
  38  5:09  Zealot  
  40  5:28  Stalker x2  
Show
View Real Time Build Order
Export as new Build Order

Vicster Terran 

Build Orders:  

Get SALT Encoding   

  12  0:01  SCV  
  13  0:14  SCV  
  14  0:18  Supply Depot  
  14  0:26  SCV  
  15  0:30  Refinery  
  15  0:39  SCV  
  16  0:46  Barracks  
  16  0:51  SCV  
  17  1:03  SCV  
  18  1:18  SCV  
  19  1:30  SCV  
  20  1:34  Reaper  
  20  1:37  Supply Depot  
  21  1:42  Orbital Command  
  21  1:53  Factory  
  21  2:09  Barracks Reactor  
  21  2:10  Bunker  
  21  2:16  SCV  
  22  2:29  SCV  
  23  2:31  Refinery  
  23  2:44  Bunker  
  23  2:47  Marine x2, Factory Tech Lab  
  25  2:52  Barracks  
  25  2:53  SCV  
  26  3:05  Marine, SCV  
  29  3:14  Marine  
  26  3:32  Marine  
  20  3:41  Barracks Tech Lab  
  18  4:01  Barracks Reactor  
  18  4:27  Command Center  
  18  4:31  Marine  
  18  4:33  Barracks  
  18  4:37  Siege Tank  
  22  4:49  Marine  
  22  4:51  Supply Depot  
  23  4:54  Marine x2  
  24  5:07  Marine  
  22  5:11  Marine  
  18  5:25  Marine x3  
  8  5:58  Cyclone  
Tags
 
Add a new tag
Caveats
  • Supply blocks, unpowered buildings, or Contaminate may cause inaccurate times.
  • Supply counts are checked every 10 seconds.